 Dungeon Crawl Stone Soup version 0.19.0 (webtiles) character file.

245 Danakh the Shield-Bearer (level 5, 0/47 HPs)
             Began as a Minotaur Fighter on Nov 6, 2016.
             Succumbed to an adder's poison
             ... on level 4 of the Dungeon.
             The game lasted 00:04:44 (2012 turns).

Danakh the Shield-Bearer (Minotaur Fighter)         Turns: 2012, Time: 00:04:45

Health: 0/47       AC:  8    Str: 22    XL:     5   Next: 83%
Magic:  3/4        EV:  5    Int:  5    God:
Gold:   98         SH: 14    Dex:  9    Spells: 0 memorised, 4 levels left

rFire  . . .     SeeInvis .     a - +0 war axe
rCold  . . .     Gourm    .     b - +0 scale mail
rNeg   . . .     Faith    .     m - +0 large shield (curse)
rPois  .         Spirit   +     (helmet restricted)
rElec  .         Reflect  .     k - +0 cloak
rCorr  .         Harm     .     (no gloves)
MR     .....                    (no boots)
Stlth  ..........               j - amulet of guardian spirit (curse)
                                (no ring)
                                h - ring of flight

@: lethally poisoned (0 -> -7)
A: retaliatory headbutt, horns 2
a: Evoke Flight


You were on level 4 of the Dungeon.
You were hungry.

You visited 1 branch of the dungeon, and saw 4 of its levels.

You collected 98 gold pieces.

Inventory:

Hand Weapons
 a - a +0 war axe (weapon)
Armour
 b - a +0 scale mail (worn)
 c - a +0 shield
 k - a +0 cloak (worn)
 m - a cursed +0 large shield (worn)
Jewellery
 h - a ring of flight (left hand)
 j - a cursed amulet of guardian spirit (around neck)
Scrolls
 e - a scroll of magic mapping {unknown}
 n - a scroll of fog {unknown}
 o - 3 scrolls of remove curse {unknown}
 t - a scroll of immolation {unknown}
 v - 2 scrolls of identify {unknown}
Potions
 d - a potion of might
 i - a potion of flight {unknown}
 p - 2 potions of resistance {unknown}
 q - a potion of magic {unknown}
 r - a potion of haste {unknown}
 u - a potion of berserk rage {unknown}
Books
 s - a book of Minor Magic

   Spells                             Type                      Level
   a - Magic Dart                     Conjuration                  1
   b - Blink                          Translocation                2
   c - Call Imp                       Summoning                    2
   d - Repel Missiles                 Charms/Air                   2
   e - Slow                           Hexes                        2
   f - Conjure Flame                  Conjuration/Fire             3
   g - Mephitic Cloud                 Conjuration/Poison/Air       3
Comestibles
 f - 3 bread rations
 g - 3 fruits
 l - 3 meat rations


   Skills:
 + Level 4.9 Fighting
 * Level 4.9 Axes
 + Level 4.6 Armour
 + Level 4.9 Shields


You had 4 spell levels left.
You didn't know any spells.

Dungeon Overview and Level Annotations

Branches:
Dungeon (4/15)
 Temple: D:4-7

Altars:


Innate Abilities, Weirdness & Mutations

You reflexively headbutt those who attack you in melee.
You have a pair of horns on your head.


Message History

You feel sick. You block the scorpion's attack.
Unknown command.
You hit the scorpion but do no damage. You headbutt the scorpion.
The scorpion is almost dead.
* * * LOW HITPOINT WARNING * * *
You feel sick. You block the scorpion's attack.
Unknown command.
You hit the scorpion.
You kill the scorpion!
* * * LOW HITPOINT WARNING * * *
You feel sick.
Unknown command.
* * * LOW HITPOINT WARNING * * *
You feel sick.
Items here: ) [ ††† a dagger; a robe; an adder corpse; an orc corpse; a frilled lizard corpse
* * * LOW HITPOINT WARNING * * *
You feel sick.
You see here a falchion.
You die...

........+ ...
.........# ...
.........# ...
.........# ...
.........# ...
.........# (..
.........## ...
.......[))#######
...
.$.......@.......
...
.########.##.####
### ............#
........#####
..........# #
......#.#.###.#
......#.#.....###
..... #.#<.......
..... #.......#..


There were no monsters in sight!

Vanquished Creatures
  A scorpion (D:4)
  4 orc wizards
  A gnoll (D:2)
  2 adders
  3 oozes
  A worm (D:2)
  A leopard gecko (D:3)
  4 orcs
  A ball python (D:2)
  2 giant cockroaches (D:3)
  2 goblins
  3 hobgoblins
  4 jackals (D:3)
  3 kobolds
  5 bats
  3 frilled lizards
  6 rats
46 creatures vanquished.

Notes
Turn   | Place    | Note
-------+----------+-------------------------------------------
     0 | D:1      | Danakh the Minotaur Fighter began the quest for the Orb.
     0 | D:1      | Reached XP level 1. HP: 19/19 MP: 0/0
   355 | D:1      | Reached XP level 2. HP: 26/27 MP: 1/1
   889 | D:2      | Reached XP level 3. HP: 29/33 MP: 2/2
  1373 | D:3      | Reached XP level 4. HP: 34/41 MP: 3/3
  1408 | D:3      | Reached XP level 5. HP: 12/47 MP: 1/4
  1801 | D:4      | Noticed an ogre
  2008 | D:4      | HP: 2/47 [poisoned by an adder]
  2012 | D:4      | Succumbed to an adder's poison

Skill      XL: |  1  2  3  4 |
---------------+-------------+-----
Fighting       | 4 |  4.9
Shields        | 4 |  4.9
Axes           | 3 4 |  4.9
Armour         | 4 |  4.6

Action                   |  1- 3 |  4- 6 || total
-------------------------+-------+-------++-------
Melee: War axe           |    76 |    53 ||   129
       Headbutt          |    11 |     8 ||    19
  Eat: Chunk             |     1 |     2 ||     3
Armor: Scale mail        |    47 |    33 ||    80
Dodge: Dodged            |    24 |     8 ||    32
Block: Shield            |    16 |       ||    16
       Large shield      |    40 |    55 ||    95
